[Event "Titled Tuesday Blitz August 15 Late 2023"]
[White "Valenzuela Gomez, Fernando"]
[Black "Baches Garcia, Guillermo"]
[WhiteFideId "3409392"]
[BlackFideId "2209764"]
[WhiteElo "2626"]
[BlackElo "2467"]
[Result "1-0"]
[Round "6"]
[TimeControl "180+1"]
[Date "2023.08.15"]
[WhiteClock "0:01:08"]
[BlackClock "0:00:00"]
[Board "75"]

1. d4 Nf6 2. Nc3 d5 3. Bf4 a6 4. e3 b5 5. h4 h6 6. Bd3 e6 7. g4 Bd6 8. Nh3 Bxf4 9. Nxf4 Bb7 10. Rg1 Ne4 11. Bxe4 dxe4 12. g5 hxg5 13. hxg5 g6 14. Qg4 Nd7 15. O-O-O Nb6 16. d5 exd5 17. Rh1 Rxh1 18. Rxh1 Ke7 19. Rh7 Qd6 20. Nce2 c5 21. Ng3 Nc4 22. Nf5+ gxf5 23. Qxf5 Ne5 24. g6 Rf8 25. gxf7 Rxf7 26. Rxf7+ Nxf7 27. Ng6+ Ke8 28. a3 Bc6 29. Qh5 Kd7 30. Qh7 Qf6 31. Nf4 Kc7 32. Qg8 Kb6 33. Qb8+ Bb7 34. Nxd5+ 1-0


[Site "https://www.chess.com"]

[Event "Titled Tuesday Blitz August 15 Late 2023"]
[White "Nasir, Zehn"]
[Black "Ankerst, Mihael"]
[WhiteFideId "2613239"]
[BlackFideId "14602369"]
[WhiteElo "2610"]
[BlackElo "2463"]
[Result "1-0"]
[Round "6"]
[TimeControl "180+1"]
[Date "2023.08.15"]
[WhiteClock "0:00:13"]
[BlackClock "0:00:00"]
[Board "76"]

1. d4 Nf6 2. Bf4 b6 3. e3 Bb7 4. Nf3 e6 5. Nc3 Bb4 6. Bd3 Nd5 7. Bg5 f6 8. Ne5 g6 9. Bh4 Nxc3 10. bxc3 Bxc3+ 11. Kf1 Bxa1 12. Qxa1 g5 13. Qd1 Ke7 14. Qh5 Qe8 15. Qh6 Qf8 16. Qh5 gxh4 17. Qxh4 Qg7 18. Rg1 Nc6 19. Nf3 Nb4 20. Be2 Nxc2 21. d5 Bxd5 22. Qa4 Qg6 23. Bd1 Qd3+ 24. Be2 Qc3 25. g4 Rhg8 26. Rg3 h5 27. h3 h4 28. Rg1 Bxf3 29. Bxf3 1-0


[Site "https://www.chess.com"]

[Event "Titled Tuesday Blitz August 15 Late 2023"]
[White "Vlassov, Nikolai"]
[Black "Jakic, Ivan"]
[WhiteFideId "4103360"]
[BlackFideId "14504901"]
[WhiteElo "2593"]
[BlackElo "2460"]
[Result "1-0"]
[Round "6"]
[TimeControl "180+1"]
[Date "2023.08.15"]
[WhiteClock "0:00:09"]
[BlackClock "0:01:02"]
[Board "77"]

1. e4 c5 2. c3 Nf6 3. e5 Nd5 4. d4 cxd4 5. cxd4 d6 6. Bc4 Nb6 7. Bb3 dxe5 8. Qh5 e6 9. dxe5 Nc6 10. Nc3 Nd4 11. Bd1 Be7 12. Nf3 O-O 13. O-O g6 14. Qh6 Nf5 15. Qh3 Nd5 16. Ne4 f6 17. g4 Ng7 18. exf6 Bxf6 19. Bb3 Bd7 20. Qh6 Qe7 21. Nxf6+ Nxf6 22. Ng5 Nge8 23. h3 Nc7 24. Re1 Rae8 25. Bf4 Ncd5 26. Be5 Bc6 27. Rad1 Qg7 28. Qh4 h6 29. Nf3 g5 30. Qg3 Nf4 31. Nd4 Ne4 32. Rxe4 Qg6 33. Re3 h5 34. Nxc6 bxc6 35. gxh5 Qxh5 36. Bxf4 Rxf4 37. Rxe6 Rxe6 38. Bxe6+ Kg7 39. Qc3+ Kg6 40. Rd6 Rf6 41. Bf7+ Kg7 42. Qxf6+ Kf8 43. Rd8# 1-0


[Site "https://www.chess.com"]

[Event "Titled Tuesday Blitz August 15 Late 2023"]
[White "Bueno, Alfeu Junior Varela"]
[Black "Sargsyan, Anna M."]
[WhiteFideId "2108879"]
[BlackFideId "13308130"]
[WhiteElo "2452"]
[BlackElo "2569"]
[Result "1-0"]
[Round "6"]
[TimeControl "180+1"]
[Date "2023.08.15"]
[WhiteClock "0:00:35"]
[BlackClock "0:02:03"]
[Board "78"]

1. e4 c6 2. d4 d5 3. f3 dxe4 4. fxe4 e5 5. Nf3 Bg4 6. Bc4 Nd7 7. c3 Bxf3 8. Qxf3 Ngf6 9. O-O Bd6 10. Qg3 O-O 11. Bh6 Nh5 12. Qf3 Qh4 13. Bxf7+ Kh8 14. Qxh5 Qxe4 15. Nd2 Qc2 16. Bg5 exd4 17. Rac1 Qd3 18. Rf3 Qe2 19. Bg6 h6 20. Bxh6 Rxf3 21. Bg5+ 1-0


[Site "https://www.chess.com"]

[Event "Titled Tuesday Blitz August 15 Late 2023"]
[White "Loay, Sameer"]
[Black "MrAnnihilation"]
[WhiteFideId "8104239"]
[WhiteElo "2560"]
[BlackElo "2440"]
[Result "1-0"]
[Round "6"]
[TimeControl "180+1"]
[Date "2023.08.15"]
[WhiteClock "0:01:16"]
[BlackClock "0:00:01"]
[Board "79"]

1. Nf3 b6 2. g3 Bb7 3. Bg2 c5 4. O-O g6 5. d3 Bg7 6. e4 e5 7. Nc3 Ne7 8. Nd2 O-O 9. Nc4 d5 10. exd5 Nxd5 11. Qf3 e4 12. dxe4 Nxc3 13. bxc3 Qe7 14. Bf4 Ba6 15. e5 Nd7 16. Qd5 Rad8 17. Rfe1 Nxe5 18. Bxe5 Bxc4 19. Qxc4 Bxe5 20. f4 1-0


[Site "https://www.chess.com"]

[Event "Titled Tuesday Blitz August 15 Late 2023"]
[White "Buchenau, Frank"]
[Black "maksimys18"]
[WhiteFideId "4604350"]
[WhiteElo "2437"]
[BlackElo "2558"]
[Result "1/2-1/2"]
[Round "6"]
[TimeControl "180+1"]
[Date "2023.08.15"]
[WhiteClock "0:00:06"]
[BlackClock "0:00:16"]
[Board "80"]

1. e4 e6 2. d4 d5 3. Nc3 Bb4 4. Ne2 c5 5. exd5 exd5 6. dxc5 Ne7 7. a3 Bxc5 8. Nf4 Be6 9. Bd3 O-O 10. O-O Nbc6 11. Re1 Bf5 12. Ncxd5 Nxd5 13. Bxf5 Nxf4 14. Qxd8 Ne2+ 15. Rxe2 Raxd8 16. Be3 Bxe3 17. Rxe3 Rd2 18. Bd3 Nd4 19. Rc1 Rc8 20. Kf1 f5 21. Ke1 f4 22. Kxd2 fxe3+ 23. fxe3 Ne6 24. Be4 Rd8+ 25. Ke2 b6 26. Rd1 Re8 27. Bd5 Kf7 28. c4 Kf6 29. b4 Nf4+ 30. Kf3 Ng6 31. c5 bxc5 32. bxc5 Rc8 33. Rc1 Ke5 34. Bb7 Rc7 35. c6 Kd6 36. Rd1+ Kc5 37. Ke4 Re7+ 38. Kd3 Kb6 39. Rc1 Kc7 40. g3 Ne5+ 41. Kd4 Nf3+ 42. Kd3 Nxh2 43. e4 Ng4 44. Kd4 Nf6 45. e5 Ng4 46. Re1 h5 47. Kd5 g5 48. e6 h4 49. gxh4 gxh4 50. Rh1 Rh7 51. e7 Rxe7 52. Rxh4 Ne3+ 53. Kc5 Re5+ 54. Kd4 Re7 55. Re4 Nc2+ 56. Kd3 Rxe4 57. Kxe4 Nxa3 58. Kd4 Nb5+ 59. Kc5 Nd6 60. Ba6 Ne4+ 61. Kd5 Nc3+ 62. Kc5 Ne4+ 63. Kd5 Nf6+ 64. Kc5 Ng8 65. Bb5 Ne7 66. Ba4 Ng6 67. Kd5 Nf4+ 68. Kc5 Nd3+ 69. Kd5 Nb2 70. Bb3 Nd3 71. Kd4 Nb4 72. Ba4 Kb6 73. Kc4 Na6 74. Bb5 Nc7 75. Ba4 Ka5 76. Bc2 Kb6 77. Be4 a6 78. Kb4 Ne6 79. Kc4 Ng5 80. Bg2 Nf7 81. Kb4 a5+ 82. Ka4 Nd6 83. c7 Nc8 84. Bh3 Kxc7 85. Bxc8 Kxc8 86. Kxa5 1/2-1/2


[Site "https://www.chess.com"]

[Event "Titled Tuesday Blitz August 15 Late 2023"]
[White "Hajiyev, Kanan"]
[Black "Mazurkiewicz, Michal"]
[WhiteFideId "13404148"]
[BlackFideId "1124943"]
[WhiteElo "2554"]
[BlackElo "2425"]
[Result "0-1"]
[Round "6"]
[TimeControl "180+1"]
[Date "2023.08.15"]
[WhiteClock "0:01:22"]
[BlackClock "0:00:09"]
[Board "81"]

1. d4 Nf6 2. c4 e5 3. Nc3 exd4 4. Qxd4 Nc6 5. Qe3+ Be7 6. Nf3 O-O 7. g3 Re8 8. Bg2 Bb4 9. Qd3 Ne4 10. Bd2 Nxd2 11. Qxd2 Qf6 12. Rc1 d6 13. O-O Bxc3 14. Rxc3 Bd7 15. Rd1 b6 16. Nd4 Nxd4 17. Qxd4 Qxd4 18. Rxd4 Rad8 19. e3 a5 20. b3 Re5 21. h4 Rde8 22. Rcd3 Bf5 23. Rd2 h6 24. Bc6 R8e7 25. Rf4 Be4 26. Bxe4 Rxe4 27. Rxe4 Rxe4 28. Kg2 f5 29. Kf3 Kf7 30. Rd1 h5 31. Rd5 Re5 32. Rd2 Ke6 33. Rd4 c5 34. Rd2 d5 35. Kf4 Re4+ 36. Kg5 dxc4 37. bxc4 Rxc4 38. Kxh5 Rb4 39. Kg6 c4 40. Kxg7 b5 41. h5 c3 42. Rc2 Rg4+ 43. Kh7 b4 44. h6 Ke5 45. a3 Ke4 46. axb4 axb4 47. Kh8 Kd3 48. h7 Kxc2 49. f3 Rxg3 50. e4 Rxf3 51. e5 Re3 52. Kg7 Rg3+ 53. Kf7 Rh3 54. Kg7 b3 55. e6 b2 56. e7 b1=Q 57. e8=Q Qg1+ 58. Kf6 Qd4+ 59. Kf7 Rxh7+ 60. Kg6 Rg7+ 61. Kh6 Qg4 62. Qa4+ Qxa4 63. Kxg7 Qg4+ 64. Kf6 f4 65. Ke5 f3 0-1


[Site "https://www.chess.com"]

[Event "Titled Tuesday Blitz August 15 Late 2023"]
[White "Andrews, Todd"]
[Black "Postlmayer, Jakob"]
[WhiteFideId "2012456"]
[BlackFideId "1643622"]
[WhiteElo "2413"]
[BlackElo "2546"]
[Result "0-1"]
[Round "6"]
[TimeControl "180+1"]
[Date "2023.08.15"]
[WhiteClock "0:00:00"]
[BlackClock "0:00:05"]
[Board "82"]

1. e4 c5 2. Nf3 d6 3. d4 cxd4 4. Nxd4 Nf6 5. Nc3 a6 6. Bc4 e6 7. Bb3 b5 8. Qe2 Nbd7 9. g4 Nc5 10. g5 Nfd7 11. Bd5 exd5 12. Nc6 Qc7 13. exd5+ Ne5 14. f4 Be7 15. fxe5 dxe5 16. Be3 O-O 17. O-O-O Bd6 18. Bxc5 Bxc5 19. Ne4 Bb6 20. Rhf1 Bh3 21. Qh5 Bxf1 22. Rxf1 Qd7 23. Nf6+ gxf6 24. gxf6 Kh8 25. Nxe5 Qe8 26. Re1 Bc7 27. Nf3 Bf4+ 28. Kb1 Qd8 29. Qf5 Re8 30. Rg1 Rg8 31. Rd1 Bd6 32. Ng5 Rxg5 33. Qxg5 Qg8 34. Qf5 Qg6 35. Qf3 Rg8 36. a3 Be5 37. Rf1 Bd6 38. h4 h6 39. h5 Qg5 40. Qe4 Rd8 41. Re1 Bf8 42. Qd4 Qxd5 43. Qe4 Qxe4 44. Rxe4 Rd6 45. Ka2 Rxf6 46. Re8 Kg7 47. Ra8 Rf5 48. Rxa6 Rxh5 49. Ra5 Rg5 50. a4 bxa4 51. Rxa4 h5 52. Rh4 Be7 53. c3 Ra5+ 54. Kb3 Bxh4 0-1


[Site "https://www.chess.com"]

[Event "Titled Tuesday Blitz August 15 Late 2023"]
[White "chessmateto"]
[Black "ArtemDyachuk"]
[WhiteElo "2407"]
[BlackElo "2541"]
[Result "1-0"]
[Round "6"]
[TimeControl "180+1"]
[Date "2023.08.15"]
[WhiteClock "0:00:45"]
[BlackClock "0:00:07"]
[Board "83"]

1. c4 e5 2. Nc3 Nf6 3. g3 d5 4. cxd5 Nxd5 5. Bg2 Nb6 6. Nf3 Nc6 7. O-O Be7 8. a3 Be6 9. b4 O-O 10. d3 a5 11. b5 Nd4 12. Nxe5 Bf6 13. Bf4 g5 14. e3 Nb3 15. Bxb7 gxf4 16. Nc6 Qd6 17. Ne4 Bxa1 18. Nxd6 cxd6 19. Bxa8 Rxa8 20. exf4 a4 21. Qh5 Bg7 22. f5 Bd7 23. Ne7+ Kf8 24. Qxh7 Bf6 25. Nc6 Re8 26. Qh6+ Bg7 27. Qxd6+ Kg8 28. Ne7+ Kh7 29. f6 Bh6 30. Qxb6 Nd2 31. Rd1 Bg4 32. Rxd2 Bxd2 33. Qc6 1-0


[Site "https://www.chess.com"]

[Event "Titled Tuesday Blitz August 15 Late 2023"]
[White "Silva Lucena, Cristian"]
[Black "subham777"]
[WhiteFideId "2232588"]
[WhiteElo "2387"]
[BlackElo "2534"]
[Result "0-1"]
[Round "6"]
[TimeControl "180+1"]
[Date "2023.08.15"]
[WhiteClock "0:00:46"]
[BlackClock "0:00:13"]
[Board "84"]

1. Nf3 d5 2. d4 Nf6 3. c4 e6 4. Nc3 Be7 5. cxd5 exd5 6. Bg5 O-O 7. e3 Ne4 8. Bxe7 Qxe7 9. Nxd5 Qd6 10. Nc3 Qb4 11. Qc2 Bf5 12. Bd3 Nxc3 13. bxc3 Bxd3 14. Qxd3 Qe7 15. O-O Nd7 16. Rfb1 b6 17. Rb5 Rad8 18. a4 h6 19. a5 a6 20. Rb2 b5 21. c4 c6 22. cxb5 cxb5 23. Rc1 Rc8 24. Rbc2 Rxc2 25. Qxc2 Qb4 26. Qc3 Qe7 27. Qc7 Qa3 28. Rd1 Nf6 29. Ne5 b4 30. Rb1 Qa2 31. Qc1 Kh7 32. Rxb4 Ne4 33. Qb1 Qxf2+ 34. Kh1 Qxe3 35. Ng4 Qf4 36. d5 f5 37. h3 Rc8 38. Nf6+ gxf6 39. Rb7+ Kh8 40. Rb8 Qxb8 41. Qxb8 Rxb8 42. d6 Nxd6 0-1


[Site "https://www.chess.com"]

[Event "Titled Tuesday Blitz August 15 Late 2023"]
[White "Young_Catalan_Player09"]
[Black "Santos Flores, Alberto"]
[BlackFideId "3601234"]
[WhiteElo "2329"]
[BlackElo "2528"]
[Result "1-0"]
[Round "6"]
[TimeControl "180+1"]
[Date "2023.08.15"]
[WhiteClock "0:01:05"]
[BlackClock "0:00:51"]
[Board "85"]

1. d4 d5 2. c4 c6 3. Nf3 Nf6 4. g3 Bf5 5. Bg2 e6 6. O-O Nbd7 7. Nc3 h6 8. Nd2 Be7 9. e4 dxe4 10. Ndxe4 O-O 11. Be3 Nxe4 12. Nxe4 Nf6 13. Nc5 Bxc5 14. dxc5 Be4 15. Qb3 Bxg2 16. Kxg2 Qe7 17. Rfd1 Rfd8 18. Qc2 Rxd1 19. Rxd1 Rd8 20. b4 Rxd1 21. Qxd1 Qd7 22. Qd6 a6 23. a4 Qxd6 24. cxd6 b5 25. axb5 axb5 26. c5 Nd7 27. Kf3 f5 28. h4 Kf7 29. g4 Kf6 30. gxf5 Kxf5 31. Bd4 g5 32. hxg5 hxg5 33. Ke3 e5 34. Bc3 Nf6 35. f3 Ke6 36. Be1 Kd5 37. Kd3 Ke6 38. Ke3 g4 39. fxg4 Nxg4+ 40. Ke4 Nf6+ 41. Kd3 Nd5 42. Ke4 Nf6+ 43. Kd3 Kd5 44. Bh4 Nd7 45. Be1 Nf8 46. Bg3 Ne6 47. d7 e4+ 48. Ke3 Kc4 49. Kxe4 Kxb4 50. Ke5 Nd8 51. Kd6 Kc4 52. Bh4 Nb7+ 53. Kxc6 Na5+ 54. Kc7 Kxc5 55. d8=Q Kb4 56. Qd6+ 1-0


[Site "https://www.chess.com"]

[Event "Titled Tuesday Blitz August 15 Late 2023"]
[White "Bullen, Alex"]
[Black "Olenik Campa, Rudi"]
[WhiteFideId "1801627"]
[BlackFideId "14633264"]
[WhiteElo "2328"]
[BlackElo "2515"]
[Result "1-0"]
[Round "6"]
[TimeControl "180+1"]
[Date "2023.08.15"]
[WhiteClock "0:00:15"]
[BlackClock "0:00:31"]
[Board "86"]

1. d4 Nf6 2. Nf3 g6 3. Nbd2 d5 4. b4 Bg7 5. e3 O-O 6. c4 dxc4 7. Bxc4 Nbd7 8. O-O a5 9. b5 Nb6 10. Be2 Re8 11. Nc4 Nxc4 12. Bxc4 e6 13. a4 Nd5 14. Qb3 Nb6 15. Be2 Qd5 16. Qxd5 exd5 17. Bd2 Bd7 18. Rfc1 c6 19. bxc6 Bxc6 20. Rc5 Nxa4 21. Rxa5 Rxa5 22. Bxa5 Nc5 23. Rb1 Ra8 24. Bb6 Ne4 25. Bd3 Nc3 26. Re1 Ra2 27. h3 h6 28. Rc1 Na4 29. Bc5 Nb2 30. Bb1 Ra1 31. Re1 Bf8 32. Bxf8 Kxf8 33. Bc2 Rxe1+ 34. Nxe1 Ke7 35. Nd3 Kd6 36. Nxb2 1-0


[Site "https://www.chess.com"]

[Event "Titled Tuesday Blitz August 15 Late 2023"]
[White "Szente Varga, Fruzsina"]
[Black "Castella Garcia, Fausto"]
[WhiteFideId "712264"]
[BlackFideId "3501922"]
[WhiteElo "2325"]
[BlackElo "2506"]
[Result "0-1"]
[Round "6"]
[TimeControl "180+1"]
[Date "2023.08.15"]
[WhiteClock "0:00:01"]
[BlackClock "0:00:09"]
[Board "87"]

1. e4 c5 2. Nf3 d6 3. d4 cxd4 4. Qxd4 Nc6 5. Bb5 Bd7 6. Qd3 Nf6 7. c4 g6 8. Nc3 Bg7 9. O-O O-O 10. h3 a6 11. Bxc6 Bxc6 12. Be3 Qa5 13. Nd4 Rac8 14. a3 Qh5 15. b4 Bd7 16. f4 Bxh3 17. gxh3 Qxh3 18. Rf3 Qg4+ 19. Kf2 Qh4+ 20. Kg2 e5 21. Rh1 Qg4+ 22. Rg3 Qd7 23. Nf3 exf4 24. Bxf4 Qe6 25. Nd2 Rfd8 26. Nd5 b5 27. Bg5 bxc4 28. Nxc4 Re8 29. Nxf6+ Bxf6 30. Bxf6 Qxf6 31. Nxd6 Red8 32. Nxc8 Rxd3 33. Rxd3 Qg5+ 34. Kf2 Qf4+ 35. Rf3 Qd2+ 36. Kg3 Qg5+ 37. Kf2 Qd2+ 38. Kg3 Qd7 39. Rc1 h5 40. a4 Qg4+ 41. Kf2 Qxe4 42. a5 Qxb4 43. Nb6 Qxa5 44. Nd5 Qxd5 45. Re3 Kg7 46. Ke2 Qa2+ 47. Kf3 g5 48. Rg1 f6 49. Re7+ Kg6 50. Re3 Qd5+ 51. Ke2 g4 52. Rd3 Qe4+ 53. Kd2 Qf4+ 54. Kc3 h4 55. Rd4 Qc7+ 56. Kd3 f5 57. Re1 Qg3+ 58. Kc4 Qxe1 59. Rd6+ Kg5 60. Rd4 Qc1+ 61. Kd5 g3 62. Ke6 g2 0-1


[Site "https://www.chess.com"]

[Event "Titled Tuesday Blitz August 15 Late 2023"]
[White "Janaszak, Dawid"]
[Black "6PackPlayer"]
[WhiteFideId "1119206"]
[WhiteElo "2500"]
[BlackElo "2315"]
[Result "1-0"]
[Round "6"]
[TimeControl "180+1"]
[Date "2023.08.15"]
[WhiteClock "0:00:11"]
[BlackClock "0:00:00"]
[Board "88"]

1. Nc3 e5 2. Nf3 Nc6 3. d4 exd4 4. Nxd4 Nxd4 5. Qxd4 Qf6 6. Be3 Qxd4 7. Bxd4 c6 8. e4 Ne7 9. O-O-O d6 10. Be3 Ng6 11. h4 Ne5 12. Bf4 Be7 13. h5 h6 14. Be2 a5 15. Na4 Be6 16. Nb6 Rd8 17. Bd2 a4 18. a3 O-O 19. Nxa4 b5 20. Nc3 Nc4 21. Bf4 Rd7 22. Nb1 Ra8 23. c3 c5 24. Nd2 Nxd2 25. Kxd2 b4 26. axb4 cxb4 27. Ra1 Rad8 28. c4 f5 29. f3 fxe4 30. fxe4 Bf6 31. Ra2 Rc8 32. b3 Bc3+ 33. Kc2 Rf8 34. g3 Be5 35. Rf1 Rdf7 36. Bxe5 Rxf1 37. Bxf1 Rf2+ 38. Kd3 Rxa2 39. Bxd6 Rb2 40. Bxb4 Rxb3+ 41. Bc3 Bg4 42. e5 Bxh5 43. Bg2 Bg6+ 44. Kd4 Kf7 45. Bd5+ Ke7 46. c5 Rb1 47. c6 Rd1+ 48. Kc5 Bf5 49. Bb4 Be6 50. Kb6+ Kf7 51. c7 1-0


[Site "https://www.chess.com"]

[Event "Titled Tuesday Blitz August 15 Late 2023"]
[White "Coelho, Ramyres Santana"]
[Black "Radivojevic, Ivan"]
[WhiteFideId "2120690"]
[BlackFideId "928461"]
[WhiteElo "2302"]
[BlackElo "2496"]
[Result "1-0"]
[Round "6"]
[TimeControl "180+1"]
[Date "2023.08.15"]
[WhiteClock "0:00:54"]
[BlackClock "0:00:37"]
[Board "89"]

1. e4 c6 2. d4 d5 3. Nc3 dxe4 4. Nxe4 Nf6 5. Nxf6+ gxf6 6. Nf3 Bg4 7. Be2 e6 8. h3 Bh5 9. g4 Bg6 10. Bd3 Bd6 11. Bxg6 hxg6 12. Be3 Qc7 13. Qd2 Nd7 14. O-O-O O-O-O 15. h4 f5 16. gxf5 gxf5 17. Qd3 Rh5 18. Ng5 Nf6 19. c4 Rdh8 20. d5 cxd5 21. Kb1 Rxh4 22. Rxh4 Rxh4 23. cxd5 Bc5 24. Bxc5 Nxd5 25. Rc1 Kd7 26. Nxf7 Qa5 27. Ne5+ Ke8 28. Qg3 Rg4 29. Nxg4 fxg4 30. Qxg4 Qd2 31. Qxe6+ 1-0


[Site "https://www.chess.com"]

[Event "Titled Tuesday Blitz August 15 Late 2023"]
[White "szachmistrz2500"]
[Black "Barwinska, Ewa"]
[BlackFideId "21833761"]
[WhiteElo "2494"]
[BlackElo "2298"]
[Result "1-0"]
[Round "6"]
[TimeControl "180+1"]
[Date "2023.08.15"]
[WhiteClock "0:02:35"]
[BlackClock "0:00:15"]
[Board "90"]

1. Nf3 c5 2. g3 Nc6 3. Bg2 d5 4. O-O Nf6 5. d3 e6 6. Nbd2 Be7 7. e4 O-O 8. Re1 dxe4 9. dxe4 Qc7 10. Qe2 b6 11. Nf1 Bb7 12. c3 Rad8 13. Bf4 e5 14. Bg5 h6 15. Bxf6 Bxf6 16. Ne3 Ne7 17. Ng4 Ng6 18. Nxf6+ gxf6 19. h4 c4 20. h5 Ne7 21. Nh4 Kh7 22. Rad1 Rxd1 23. Rxd1 Rd8 24. Rxd8 Qxd8 25. Qxc4 Qd1+ 26. Kh2 Qxh5 27. Qc7 f5 28. Qxb7 Qg5 29. exf5 1-0


[Site "https://www.chess.com"]

[Event "Titled Tuesday Blitz August 15 Late 2023"]
[White "Zampronha, Wladimir Camilo"]
[Black "NigelDwarf"]
[WhiteFideId "2103087"]
[WhiteElo "2256"]
[BlackElo "2491"]
[Result "0-1"]
[Round "6"]
[TimeControl "180+1"]
[Date "2023.08.15"]
[WhiteClock "0:01:46"]
[BlackClock "0:01:50"]
[Board "91"]

1. e4 c5 2. Nf3 d6 3. d4 Nf6 4. Nc3 cxd4 5. Nxd4 a6 6. Bg5 Nbd7 7. f4 Qc7 8. Qf3 h6 9. Bxf6 Nxf6 10. O-O-O Bg4 11. Nd5 Nxd5 12. Qxg4 Ne3 13. Qg3 Nxd1 14. Kxd1 g6 15. Qd3 Bg7 16. Kc1 O-O 17. Kb1 Rac8 18. Nb3 Rfd8 19. f5 d5 20. fxg6 fxg6 21. exd5 Qe5 22. c3 Rxd5 23. Qf3 Rf8 24. Qh3 Qe1+ 25. Nc1 Rxf1 26. Rxf1 Qxf1 27. Qe6+ Qf7 0-1


[Site "https://www.chess.com"]

[Event "Titled Tuesday Blitz August 15 Late 2023"]
[White "Ardila, Oscar Humberto"]
[Black "Ochirbat, Lkhagvajamts"]
[WhiteFideId "4404742"]
[BlackFideId "4903153"]
[WhiteElo "2280"]
[BlackElo "2690"]
[Result "1-0"]
[Round "6"]
[TimeControl "180+1"]
[Date "2023.08.15"]
[WhiteClock "0:00:24"]
[BlackClock "0:00:00"]
[Board "92"]

1. d4 e6 2. c4 Nf6 3. Nc3 Bb4 4. Bd2 Nc6 5. Nf3 O-O 6. e3 d6 7. Be2 e5 8. d5 Ne7 9. O-O Bxc3 10. Bxc3 Ne4 11. Be1 f5 12. Nd2 Nxd2 13. Bxd2 Ng6 14. Bc3 Qg5 15. Kh1 Bd7 16. Qd2 f4 17. exf4 Nxf4 18. Bf3 Qg6 19. Rae1 Bg4 20. Be4 Bf5 21. f3 Bxe4 22. Rxe4 b6 23. g3 Nh5 24. Qe2 Rae8 25. b4 Qh6 26. Rh4 Qg6 27. Rg4 Qf5 28. Qe4 Qd7 29. Rh4 Nf6 30. Qc2 g5 31. Rh6 Qg7 32. Rh3 g4 33. Rh4 gxf3 34. Rxf3 Ng4 35. Qe2 Nh6 36. Bd2 Nf5 37. Rxf5 Rxf5 38. Rg4 Ref8 39. Rxg7+ Kxg7 40. Qg4+ Kf6 41. h4 Rf2 42. Qe6+ 1-0


[Site "https://www.chess.com"]

[Event "Titled Tuesday Blitz August 15 Late 2023"]
[White "WindWhistler11"]
[Black "Fiorito, Joaquin"]
[BlackFideId "180173"]
[WhiteElo "2431"]
[BlackElo "2662"]
[Result "1-0"]
[Round "6"]
[TimeControl "180+1"]
[Date "2023.08.15"]
[WhiteClock "0:00:06"]
[BlackClock "0:00:11"]
[Board "93"]

1. Nf3 d5 2. c4 e6 3. g3 Nf6 4. Bg2 dxc4 5. Na3 Bxa3 6. bxa3 O-O 7. a4 Re8 8. Qc2 b6 9. Ne5 Nd5 10. Qxc4 Bb7 11. O-O c5 12. Bb2 Nd7 13. Nf3 N7f6 14. d3 Rc8 15. Rab1 Nb4 16. a3 Nbd5 17. a5 Qc7 18. e4 Ne7 19. Be5 Qd8 20. axb6 a6 21. Qc3 Ng6 22. Bc7 Qd7 23. Rfd1 Qe7 24. Nd2 h5 25. Nc4 Rxc7 26. bxc7 Qxc7 27. Rxb7 Qxb7 28. Nd6 Qc7 29. Nxe8 Nxe8 30. Rc1 Nf6 31. Qxc5 Qd7 32. Qc8+ Qxc8 33. Rxc8+ Kh7 34. f4 Nd7 35. Rc6 a5 36. Ra6 Nc5 37. Rxa5 Nxd3 38. Ra7 f6 39. Bh3 e5 40. Bf5 exf4 41. gxf4 Nxf4 42. a4 Kh6 43. Bxg6 Kxg6 44. a5 Ne2+ 45. Kf2 Nd4 46. a6 Nb5 47. Rb7 Nd6 48. a7 Nxb7 49. a8=Q Nd6 50. Qd5 Nf7 51. h4 Ne5 52. Qe6 Kh6 53. Kg3 Kg6 54. Kf4 Kh6 55. Ke3 Kg6 56. Kd4 Nf3+ 57. Kd5 Nxh4 58. Qe8+ Kg5 59. Qh8 g6 60. Ke6 f5 61. Qf6+ Kg4 62. e5 f4 63. Kd5 Nf5 64. Qxg6+ Kh4 65. Qxf5 f3 66. Qf4+ Kh3 67. Qxf3+ Kh2 68. Qxh5+ 1-0


[Site "https://www.chess.com"]

[Event "Titled Tuesday Blitz August 15 Late 2023"]
[White "Rego, Pedro Filipe"]
[Black "Sivakumar, Shaaketh"]
[WhiteFideId "1904310"]
[BlackFideId "30940176"]
[WhiteElo "2424"]
[BlackElo "2591"]
[Result "0-1"]
[Round "6"]
[TimeControl "180+1"]
[Date "2023.08.15"]
[WhiteClock "0:00:12"]
[BlackClock "0:01:14"]
[Board "94"]

1. c4 e6 2. g3 Ke7 3. Bg2 Nf6 4. d4 d6 5. Nc3 g6 6. e4 Bg7 7. h4 e5 8. Nf3 Nbd7 9. Bg5 h6 10. Be3 Re8 11. Qd2 Ng4 12. dxe5 dxe5 13. O-O-O Nxe3 14. Qxe3 c6 15. Bh3 Qa5 16. Kb1 Nb6 17. b3 Bxh3 18. Rxh3 Rad8 19. Rhh1 Kf8 20. Kb2 Qb4 21. Qe2 Rd4 22. a3 Qc5 23. Rd3 Red8 24. Rhd1 Rxd3 25. Rxd3 Rd4 26. Ne1 a5 27. a4 Qb4 28. Ka2 Nd7 29. Nc2 Qb6 30. Nxd4 exd4 31. Nb1 Nc5 32. Nd2 Na6 33. Nf3 Nb4+ 34. Kb2 Nxd3+ 35. Qxd3 c5 36. e5 Qc6 37. h5 gxh5 38. Nh4 Bxe5 39. Qf5 Qf6 40. f4 Qxf5 41. Nxf5 Bg7 42. Nd6 b6 43. Nc8 d3+ 44. Kc1 Bc3 45. Nxb6 Be1 46. Nd7+ Ke7 47. Nxc5 Bxg3 48. Nxd3 h4 49. Ne5 Bxf4+ 50. Kd1 Bxe5 51. Ke2 h3 52. Kf3 h2 0-1


[Site "https://www.chess.com"]

[Event "Titled Tuesday Blitz August 15 Late 2023"]
[White "FuenfgegenWilly"]
[Black "Krishnan, Varun"]
[BlackFideId "5054508"]
[WhiteElo "2417"]
[BlackElo "2573"]
[Result "0-1"]
[Round "6"]
[TimeControl "180+1"]
[Date "2023.08.15"]
[WhiteClock "0:00:00"]
[BlackClock "0:00:17"]
[Board "95"]

1. e4 c6 2. Nc3 d5 3. Qe2 d4 4. Nd1 e5 5. d3 Nf6 6. f4 Nbd7 7. g3 Bd6 8. Nf3 O-O 9. f5 b5 10. g4 c5 11. g5 Ne8 12. h4 Ba6 13. h5 c4 14. g6 fxg6 15. hxg6 h6 16. Ng5 Bb4+ 17. c3 cxd3 18. Qxd3 Nc5 19. Qh3 dxc3 20. bxc3 Ba5 21. Nf7 Rxf7 22. gxf7+ Kxf7 23. Qh5+ Kg8 24. Bxh6 Nd3+ 25. Bxd3 Qxd3 26. Rh3 Qxe4+ 27. Re3 Qg2 28. Re2 Qg1+ 29. Kd2 Nf6 30. Qh4 b4 31. Rh2 Rd8+ 32. Kc2 Bd3+ 33. Kb3 bxc3 34. Ne3 Qxa1 35. Bxg7 Rb8+ 0-1


[Site "https://www.chess.com"]

[Event "Titled Tuesday Blitz August 15 Late 2023"]
[White "Baghdasaryan, Vahe"]
[Black "Golubev, Mikhail"]
[WhiteFideId "13303139"]
[BlackFideId "14100983"]
[WhiteElo "2412"]
[BlackElo "2553"]
[Result "1-0"]
[Round "6"]
[TimeControl "180+1"]
[Date "2023.08.15"]
[WhiteClock "0:00:13"]
[BlackClock "0:00:00"]
[Board "96"]

1. e4 c5 2. c3 Nf6 3. e5 Nd5 4. Nf3 Nc6 5. Bc4 Nb6 6. Bb3 c4 7. Bc2 Qc7 8. Qe2 g5 9. e6 dxe6 10. Nxg5 Ne5 11. b3 Nd3+ 12. Bxd3 cxd3 13. Qxd3 Rg8 14. h4 h6 15. Qh7 Qe5+ 16. Kd1 Rg7 17. Qxh6 Qf5 18. Qh5 Qxf2 19. Qf3 Qxf3+ 20. gxf3 e5 21. d3 f6 22. Ne4 Bf5 23. Nbd2 Rd8 24. Kc2 Nd5 25. Ba3 Ne3+ 26. Kb2 Rg2 27. Rag1 Bxe4 28. Rxg2 Nxg2 29. fxe4 Rxd3 30. Nc4 Nf4 31. h5 Bh6 32. Kc2 Rg3 33. Bc1 Rg2+ 34. Kb1 b5 35. Ne3 Rg3 36. Nf5 Rxc3 37. Nxh6 1-0


[Site "https://www.chess.com"]